 Dungeon Crawl Stone Soup version 0.20.0-1-g1cb1d84 (webtiles) character file.

41906 Gorglomux the Fighter (level 13, 0/116 HPs)
             Began as a Pale Draconian Fire Elementalist on May 26, 2017.
             Was a High Priest of Vehumet.
             Slain by a hell rat (3 damage)
             ... on level 5 of the Lair of Beasts.
             The game lasted 00:44:49 (18501 turns).

Gorglomux the Fighter (DrFE)                       Turns: 18501, Time: 00:44:50

Health: 0/116      AC: 14    Str: 13    XL:     13   Next: 82%
Magic:  27/36      EV: 17    Int: 18    God:    Vehumet [*****.]
Gold:   1059       SH:  4    Dex: 12    Spells: 9/32 levels left

rFire    . . .     SeeInvis +   n - +1 hunting sling
rCold    . . .     Gourm    .   u - +0 buckler of the Constellations {rN+ Int-3 SInv}
rNeg     + . .     Faith    .   (armour unavailable)
rPois    .         Spirit   .   (helmet restricted)
rElec    .         Reflect  .   (no cloak)
rCorr    .         Harm     .   K - +2 pair of gloves {Str+3}
MR       .....                  N - +2 pair of boots
Stlth    ++........             O - amulet of magic regeneration
Regen    0.3/turn               q - ring of wizardry
MPRegen  0.4/turn               I - ring of magical power

@: lethally poisoned (0 -> -10), drained
A: breathe steam, unfitting armour, cold-blooded, AC +8
a: Breathe Steam, Renounce Religion


You were on level 5 of the Lair of Beasts.
You worshipped Vehumet.
Vehumet was extremely pleased with you.
You were hungry.

You visited 2 branches of the dungeon, and saw 17 of its levels.

You collected 1059 gold pieces.

Inventory:

Hand Weapons
 n - a +1 hunting sling (weapon)
 P - a +0 demon trident of freezing
Missiles
 k - 77 sling bullets (quivered)
 Z - 3 throwing nets
Armour
 u - the +0 buckler of the Constellations (worn) {rN+ Int-3 SInv}
   (You found it on level 8 of the Dungeon)

   It affects your intelligence (-3).
   It protects you from negative energy.
   It lets you see invisible.
 K - a +2 pair of gloves of strength (worn)
 N - a +2 pair of boots (worn)
Jewellery
 g - an uncursed ring of resist corrosion
 m - an uncursed ring of protection from magic
 q - a ring of wizardry (left hand)
 I - a ring of magical power (right hand)
 O - an amulet of magic regeneration (around neck)
Wands
 L - a wand of lightning (9/15)
 S - a wand of scattershot (2/9)
Scrolls
 f - a scroll of summoning
 h - 2 scrolls of amnesia
 i - a scroll of magic mapping {unknown}
 l - a scroll of fog {unknown}
 o - 2 scrolls of fear
 p - 2 scrolls of blinking {unknown}
 r - 2 scrolls of silence {unknown}
 v - 3 scrolls of recharging {unknown}
 C - 2 scrolls of enchant armour
 D - 11 scrolls of remove curse
 F - 5 scrolls of enchant weapon
 H - a scroll of immolation {unknown}
 R - a scroll of identify
 T - 8 scrolls of teleportation
Potions
 d - 2 potions of ambrosia
 e - 4 potions of heal wounds
 s - 2 potions of magic
 t - 2 potions of flight
 A - a potion of cancellation
 B - 2 potions of invisibility {unknown}
 G - 3 potions of brilliance
 M - 6 potions of haste
 Q - 3 potions of curing
 U - a potion of agility {unknown}
 V - 3 potions of lignification
 W - a potion of might {unknown}
Books
 a - a book of Flames

   Spells                             Type                      Level
   a - Flame Tongue                   Conjuration/Fire             1
   b - Throw Flame                    Conjuration/Fire             2
   c - Conjure Flame                  Conjuration/Fire             3
   d - Inner Flame                    Hexes/Fire                   3
   e - Sticky Flame                   Conjuration/Fire             4
   f - Fireball                       Conjuration/Fire             5
 y - a book of Frost

   Spells                             Type                      Level
   a - Freeze                         Ice                          1
   b - Throw Frost                    Conjuration/Ice              2
   c - Ozocubu's Armour               Charms/Ice                   3
   d - Throw Icicle                   Conjuration/Ice              4
   e - Summon Ice Beast               Ice/Summoning                4
Miscellaneous
 X - a phial of floods
 Y - a lamp of fire
Comestibles
 b - 10 bread rations
 j - 5 fruits
 w - 4 royal jellies
 z - 6 meat rations
 J - 13 chunks of flesh


   Skills:
 + Level 11.2(10.4) Fighting
 + Level 9.9(9.1) Dodging
 - Level 1.7(1.1) Stealth
 - Level 4.0(3.3) Shields
 + Level 10.1(9.3) Spellcasting
 + Level 10.2(9.4) Conjurations
 - Level 10.9(10.1) Fire Magic
 - Level 5.6(4.9) Ice Magic
 - Level 5.0(4.4) Air Magic


You had 9 spell levels left.
You knew the following spells:

 Your Spells              Type           Power        Failure   Level  Hunger
a - Flame Tongue          Conj/Fire      #####        1%          1    None
b - Sticky Flame          Conj/Fire      #####...     1%          4    ###....
c - Fireball              Conj/Fire      #####.....   1%          5    #####..
d - Throw Icicle          Conj/Ice       ####....     1%          4    ###....
e - Freezing Cloud        Conj/Ice/Air   ####......   12%         6    ######.
j - Conjure Flame         Conj/Fire      #####...     1%          3    None


Dungeon Overview and Level Annotations

Branches:
Dungeon (11/15)            Temple (0/1) D:7            Lair (6/6) D:11
  Swamp (0/4) Lair:4       Spider (0/4) Lair:2        Slime (0/5) Lair:5
    Orc (0/2) D:9

Altars:
Cheibriados
Ru
Trog
Vehumet
Xom
Yredelemnul
Zin

Shops:
D:4 [

Annotations:
D:2 Sigmund


Innate Abilities, Weirdness & Mutations

You can breathe blasts of scalding, opaque steam.
Your pale cyan-grey scales are hard. (AC +8)
You cannot fit into any form of body armour.
You are cold-blooded and may be slowed by cold attacks.


Message History

* * * LOW HITPOINT WARNING * * *
You are more poisoned.
The spiny frog poisons you!
The hell rat bites you but does no damage.
The yak completely misses you. The yak gores you.
* * * LOW HITPOINT WARNING * * *
The spiny frog stings you!
* * * LOW HITPOINT WARNING * * *
The hell rat closely misses you.
As you read the scroll of fear, it crumbles to dust.
You assume a fearsome visage.
The spiny frog looks frightened!
The hell rat is unaffected.
The yak looks frightened! x2
You feel yourself speed up.
* * * LOW HITPOINT WARNING * * *
You feel sick. The hell rat bites you!
* * * LOW HITPOINT WARNING * * *
You feel much better.
You feel sick. The hell rat bites you!
* * * LOW HITPOINT WARNING * * *
You partially resist.
You feel drained.
You die...

#..# #........###............
..### ###.........#.............
....####.........................
..P.##...#...........#...........
....#...............#............
.........#........Y##............
....##..#.......Y..P##...........
.......÷.......r†÷...............
..P......#......@.≈≈≈.P.#...##...
....#.####...≈≈≈.≈≈≈≈≈..####.###.
>...### #≈≈.≈≈≈≈≈≈≈≈≈...###.....
##.## #####.≈F≈≈≈≈≈≈≈≈...##...#.#
.### #.#.#..≈≈≈≈≈≈≈≈.....#..####
.## ##.##..≈≈≈≈≈≈≈..###.#.#..##
#.# ##.#.#.≈≈†≈≈...# #........
### #............## #........ #
###.....^.......###........


You could see 2 yaks, a spiny frog (fleeing) and a hell rat.

Vanquished Creatures
  Snorg (Lair:4)
  Fannar (Lair:1)
  10 hydras
  Erica (Lair:2)
  Urug (Lair:5)
  Nergalle (D:10)
  An unseen horror (D:10)
  5 skeletal warriors (D:11)
  Pikel (D:5)
  A wolf spider (Lair:2)
  A cyclops (D:11)
  3 black mambas
  6 elephants (Lair:5)
  10 spiny frogs
  A kobold demonologist (D:11)
  9 komodo dragons
  3 rime drakes
  A troll (D:10)
  A polar bear (Lair:2)
  Grinder (D:3)
  Prince Ribbit (D:8)
  4 blink frogs (Lair:3)
  A hornet (Lair:5)
  7 hippogriffs
  A spriggan (Lair:2)
  4 wyverns
  Eustachio (D:4)
  24 yaks
  2 basilisks
  A hungry ghost (D:8)
  Menkaure (D:6)
  12 water moccasins
  2 hell hounds (D:11)
  3 orc warriors
  7 porcupines
  An ice beast (D:9)
  A black bear (Lair:2)
  A slave (D:5)
  3 phantoms
  6 ogres
  10 centaurs
  13 crocodiles
  16 wolves
  Blork the orc (D:4)
  9 bullfrogs
  A gnoll sergeant (D:9)
  A water moccasin zombie (D:8)
  An electric eel (Lair:4)
  13 wights
  5 howler monkeys
  3 crimson imps
  A lava snake (Lair:4)
  A bullfrog zombie (D:6)
  A quasit (D:10)
  5 jellies
  6 orc wizards
  6 orc priests
  6 hounds
  3 bullfrog skeletons
  2 centaur skeletons
  Jessica (D:3)
  Ijyb (D:3)
  6 iguanas
  Natasha (thrice) (D:2)
  5 hell rats
  10 worker ants
  2 hound skeletons
  2 worker ant zombies (D:5)
  Robin (D:4)
  15 adders
  5 gnolls (D:9)
  A shadow imp (D:7)
  3 adder skeletons
  A worm (D:2)
  2 dart slugs (D:2)
  4 leopard geckos
  50 orcs
  5 giant cockroaches
  14 goblins
  12 hobgoblins
  3 jackals (D:4)
  7 kobolds
  12 bats
  A frilled lizard (D:2)
  A jackal skeleton (D:7)
  A leopard gecko zombie (D:7)
  A quokka zombie (D:5)
  6 rats
  A spectral orc (D:4)
  A fungus (Lair:3)
  3 plants (Lair:2)
426 creatures vanquished.

Vanquished Creatures (others)
  An orc (D:5)
  A plant (Lair:2)
2 creatures vanquished.

Grand Total: 428 creatures vanquished

Notes
Turn   | Place    | Note
-------+----------+-------------------------------------------
     0 | D:1      | Gorglomux the Draconian Fire Elementalist began the quest for the Orb.
     0 | D:1      | Reached XP level 1. HP: 14/14 MP: 3/3
   226 | D:1      | Reached XP level 2. HP: 20/20 MP: 1/5
  1425 | D:2      | Noticed Sigmund
  1493 | D:2      | Noticed Natasha
  1495 | D:2      | Killed Natasha
  1495 | D:2      | Reached XP level 3. HP: 26/26 MP: 4/7
  1573 | D:2      | Learned a level 3 spell: Conjure Flame
  1588 | D:2      | Noticed Natasha
  1592 | D:2      | Killed Natasha
  1592 | D:2      | Reached skill level 3 in Spellcasting
  1592 | D:2      | Reached XP level 4. HP: 28/33 MP: 1/8
  1752 | D:2      | Found a radiant altar of Vehumet.
  1818 | D:2      | Became a worshipper of Vehumet
  2095 | D:2      | Noticed Natasha
  2100 | D:2      | Killed Natasha
  2157 | D:2      | Learned a level 4 spell: Sticky Flame
  2355 | D:2      | Reached skill level 3 in Conjurations
  2355 | D:2      | Reached XP level 5. HP: 28/38 MP: 6/9
  2680 | D:3      | Noticed Jessica
  2686 | D:3      | Noticed Grinder
  2709 | D:3      | Killed Jessica
  2785 | D:3      | Noticed Ijyb
  2795 | D:3      | Found a sacrificial altar of Ru.
  2984 | D:3      | Reached * piety under Vehumet
  2984 | D:3      | Offered knowledge of Sandblast by Vehumet.
  3128 | D:3      | Killed Ijyb
  3216 | D:3      | Reached XP level 6. HP: 45/45 MP: 5/10
  3322 | D:3      | Found a snail-covered altar of Cheibriados.
  3433 | D:3      | Killed Grinder
  3684 | D:4      | Noticed Blork the orc
  3688 | D:4      | Killed Blork the orc
  3688 | D:4      | Your scales start taking on a pale cyan-grey colour.
  3688 | D:4      | Reached skill level 6 in Fire Magic
  3688 | D:4      | Reached XP level 7. HP: 50/50 MP: 6/11
  3737 | D:4      | Found a basalt altar of Yredelemnul.
  3848 | D:4      | Found Kuelonen's Armour Shoppe.
  3931 | D:4      | Noticed Robin
  3950 | D:4      | Reached ** piety under Vehumet
  3950 | D:4      | Offered knowledge of Freeze by Vehumet.
  3959 | D:4      | Killed Robin
  4323 | D:4      | Noticed Eustachio
  4331 | D:4      | Killed Eustachio
  4331 | D:4      | Reached skill level 6 in Conjurations
  4331 | D:4      | Reached XP level 8. HP: 57/57 MP: 6/12
  4554 | D:5      | Entered Level 5 of the Dungeon
  4830 | D:5      | Offered knowledge of Ignite Poison by Vehumet.
  4949 | D:5      | Noticed Pikel
  4966 | D:5      | Killed Pikel
  4966 | D:5      | Reached skill level 9 in Fire Magic
  5039 | D:5      | Learned a level 5 spell: Fireball
  5071 | D:5      | Found a glowing silver altar of Zin.
  5287 | D:6      | Reached XP level 9. HP: 62/62 MP: 11/13
  5392 | D:6      | Reached *** piety under Vehumet
  5587 | D:6      | Noticed Menkaure
  5592 | D:6      | Killed Menkaure
  6407 | D:6      | Offered knowledge of Fulminant Prism by Vehumet.
  6572 | D:7      | Reached skill level 9 in Conjurations
  7016 | D:7      | Found a staircase to the Ecumenical Temple.
  8218 | D:8      | Got a slimy buckler
  8224 | D:8      | Identified the cursed +0 buckler of the Constellations {rN+ Int-3 SInv} (You found it on level 8 of the Dungeon)
  8241 | D:8      | Found a bloodstained altar of Trog.
  8318 | D:8      | Reached skill level 1 in Shields
  8339 | D:8      | Noticed Prince Ribbit
  8352 | D:8      | Killed Prince Ribbit
  8352 | D:8      | Reached XP level 10. HP: 33/69 MP: 16/16
  8566 | D:9      | Reached **** piety under Vehumet
  8578 | D:9      | Reached skill level 3 in Shields
  8580 | D:9      | Offered knowledge of Lightning Bolt by Vehumet.
  8801 | D:9      | Found a staircase to the Orcish Mines.
  8892 | D:9      | Reached skill level 1 in Fighting
  9038 | D:9      | Reached skill level 2 in Fighting
  9049 | D:9      | Found a shimmering altar of Xom.
  9148 | D:9      | Reached skill level 3 in Dodging
  9279 | D:9      | Noticed a five-headed hydra
  9294 | D:9      | Killed a five-headed hydra
  9294 | D:9      | Reached skill level 4 in Fighting
  9506 | D:10     | Entered Level 10 of the Dungeon
  9575 | D:10     | Noticed an unseen horror
  9586 | D:10     | Killed an unseen horror
  9586 | D:10     | Reached skill level 5 in Fighting
  9872 | D:10     | Reached ***** piety under Vehumet
  9875 | D:10     | Offered knowledge of Freezing Cloud by Vehumet.
  9879 | D:10     | Reached XP level 11. HP: 83/89 MP: 18/18
  9926 | D:10     | Noticed Nergalle
  9937 | D:10     | Killed Nergalle
  9937 | D:10     | Reached skill level 6 in Fighting
 10428 | D:11     | Found a staircase to the Lair.
 10441 | D:10     | Learned a level 4 spell: Throw Icicle
 10509 | D:11     | Reached skill level 6 in Dodging
 10509 | D:11     | Reached skill level 6 in Spellcasting
 10809 | D:11     | Reached skill level 7 in Fighting
 10834 | D:11     | Noticed a skeletal warrior
 10837 | D:11     | Noticed a skeletal warrior
 10839 | D:11     | Noticed a skeletal warrior
 10849 | D:11     | Killed a skeletal warrior
 10858 | D:11     | Killed a skeletal warrior
 10883 | D:11     | Killed a skeletal warrior
 11186 | D:11     | Noticed a skeletal warrior
 11205 | D:11     | Killed a skeletal warrior
 11205 | D:11     | Reached skill level 8 in Fighting
 11276 | D:11     | Noticed a skeletal warrior
 11298 | D:11     | Killed a skeletal warrior
 11458 | Lair:1   | Entered Level 1 of the Lair of Beasts
 11595 | Lair:1   | Got a translucent flail
 11596 | Lair:1   | Identified the cursed +0 flail "Killer Bee's Regret" {flame, MR- Dex+6} (You found it on level 1 of the Lair of Beasts)
 11667 | Lair:1   | Noticed an eight-headed hydra
 11672 | Lair:1   | Noticed an eight-headed hydra
 11684 | Lair:1   | Killed an eight-headed hydra
 11684 | Lair:1   | Reached XP level 12. HP: 77/103 MP: 7/23
 12048 | Lair:1   | Killed an eight-headed hydra
 12048 | Lair:1   | Reached skill level 9 in Fighting
 12048 | Lair:1   | Reached skill level 1 in Ice Magic
 12076 | Lair:1   | Noticed Fannar
 12098 | Lair:1   | Killed Fannar
 12446 | Lair:1   | Learned a level 6 spell: Freezing Cloud
 12920 | Lair:2   | Reached skill level 3 in Ice Magic
 12920 | Lair:2   | Reached skill level 1 in Air Magic
 12965 | Lair:2   | Noticed Erica
 12969 | Lair:2   | Killed Erica
 13066 | Lair:2   | Found a hole to the Spider Nest.
 13426 | Lair:2   | Noticed a six-headed hydra
 13434 | Lair:2   | Killed a six-headed hydra
 13963 | Lair:2   | Reached skill level 10 in Fighting
 14329 | Lair:3   | Reached skill level 3 in Air Magic
 14670 | Lair:3   | Reached skill level 9 in Spellcasting
 14830 | Lair:3   | Noticed a four-headed hydra
 14837 | Lair:3   | Killed a four-headed hydra
 14837 | Lair:3   | Reached XP level 13. HP: 113/113 MP: 22/26
 15299 | Lair:3   | Reached skill level 9 in Dodging
 15560 | Lair:4   | Found a staircase to the Swamp.
 16193 | Lair:4   | Noticed Snorg
 16200 | Lair:4   | Killed Snorg
 16290 | Lair:4   | Offered knowledge of Yara's Violent Unravelling by Vehumet.
 17379 | Lair:5   | Reached skill level 11 in Fighting
 17517 | Lair:5   | Found a staircase to the Slime Pits.
 17581 | Lair:5   | Noticed Urug
 17591 | Lair:5   | Killed Urug
 18128 | Lair:6   | Entered Level 6 of the Lair of Beasts
 18494 | Lair:6   | Paralysed by a hornet for 1 turns
 18500 | Lair:5   | HP: 3/116 [hell rat (10)]
 18501 | Lair:5   | Slain by a hell rat

Skill      XL: |  1  2  3  4  5  6  7  8  9 10 11 12 13 |
---------------+----------------------------------------+-----
Conjurations   | 2 3 4 5 6 8 9 10 | 10.2
Spellcasting   | 3 4 5 7 9 10 | 10.1
Fire Magic     | 4 6 7 9 10 | 10.9
Shields        | 2 4 |  4.0
Fighting       | 5 8 10 11 | 11.2
Dodging        | 5 7 8 9 |  9.9
Ice Magic      | 4 5 |  5.6
Air Magic      | 3 5 |  5.0
Stealth        | |  1.7

Action                   |  1- 3 |  4- 6 |  7- 9 | 10-12 | 13-15 || total
-------------------------+-------+-------+-------+-------+-------++-------
Melee: Hand axe          |     4 |       |       |       |       ||     4
       Hunting sling     |       |       |     1 |       |       ||     1
 Fire: Hunting sling     |    21 |    45 |   243 |    96 |    10 ||   415
 Cast: Flame Tongue      |    37 |    78 |   131 |   272 |   118 ||   636
       Conjure Flame     |     1 |     1 |     2 |    11 |       ||    15
       Sticky Flame      |       |     2 |    17 |    45 |    28 ||    92
       Fireball          |       |       |     7 |    39 |    28 ||    74
       Throw Icicle      |       |       |       |    44 |    58 ||   102
       Freezing Cloud    |       |       |       |     8 |    13 ||    21
 Abil: Breathe Steam     |       |       |    25 |    36 |    10 ||    71
  Use: Scroll            |       |       |     7 |     6 |     8 ||    21
       Potion            |       |       |       |       |     1 ||     1
  Eat: Chunk             |     3 |     7 |    21 |    44 |    29 ||   104
       Royal jelly       |       |       |     1 |       |     1 ||     2
       Fruit             |       |       |       |     5 |       ||     5
Armor: Skin              |    14 |    11 |    49 |    51 |    45 ||   170
Dodge: Dodged            |    13 |    26 |    98 |   147 |   122 ||   406
Block: Buckler           |       |       |       |    49 |    36 ||    85
